 Dungeon Crawl Stone Soup version 0.28-a0-630-g0357d9c091 (webtiles) character file.

Game seed: 1535502304710546872

4363 Conn the Firebug (level 10, -2/61 HPs)
             Began as an Octopode Fire Elementalist on Oct 9, 2021.
             Was a Follower of Sif Muna.
             Shot with a sling bullet by Joseph (23 damage)
             ... on level 8 of the Dungeon.
             The game lasted 00:22:57 (10724 turns).

Conn the Firebug (Octopode Fire Elementalist)      Turns: 10724, Time: 00:22:58

Health: -2/61      AC:  1    Str:  7    XL:     10   Next: 34%
Magic:  6/21       EV: 14    Int: 22    God:    Sif Muna [*.....]
Gold:   530        SH:  0    Dex: 15    Spells: 9/24 levels left

rFire   + . .      SeeInvis .   s - +8 whip "Yckefehuuw" {vorpal, *Noise Fly rF+ Dex+3}
rCold   + . .      Faith    .   (no shield)
rNeg    + . .      Spirit   .   (helmet restricted)
rPois   .          Reflect  .   (no amulet)
rElec   .          Harm     .   d - ring of protection from cold
rCorr   .          Rampage  .   r - ring of wizardry
Will    .....                   n - ring of positive energy
Stlth   +++++.....              (no ring)
HPRegen 0.20/turn               (no ring)
MPRegen 0.17/turn               (no ring)
                                (no ring)
                                (no ring)

@: flying
A: almost no armour, amphibious, 8 rings, camouflage 1, gelatinous body 1,
(nimble swimmer 1), tentacles
a: Renounce Religion, Channel Magic


You were on level 8 of the Dungeon.
You worshipped Sif Muna.
Sif Muna was aware of your devotion.
You visited 2 branches of the dungeon, and saw 9 of its levels.

You collected 530 gold pieces.

Inventory:

Hand Weapons
 a - a +0 short sword
 i - a +3 dagger of venom
 s - the +8 whip "Yckefehuuw" (weapon) {vorpal, *Noise Fly rF+ Dex+3}
   (You found it on level 5 of the Dungeon)

   It inflicts extra damage upon your enemies.
   Dex:       It affects your dexterity (+3).
   rF:        It protects you from fire.
   Fly:       It grants you flight.
   *Noise:    It may make noises in combat.
Jewellery
 d - a ring of protection from cold (left tentacle)
 n - a ring of positive energy (on tentacle)
 r - a ring of wizardry (right tentacle)
Wands
 j - a wand of paralysis (7)
Scrolls
 e - a scroll of torment {unknown}
 f - 3 scrolls of teleportation
 h - 3 scrolls of noise {unknown}
 l - 2 scrolls of amnesia {unknown}
 m - 5 scrolls of identify
 p - a scroll of immolation {unknown}
 v - 2 scrolls of fear {unknown}
 x - a scroll of enchant weapon {unknown}
Potions
 b - a potion of flight
 c - 3 potions of curing
 g - 2 potions of might {unknown}
 k - a potion of mutation
 o - a potion of degeneration {unknown}
 q - 2 potions of attraction {unknown}
 t - 4 potions of heal wounds {unknown}
 u - a potion of cancellation {unknown}
 w - a potion of magic {unknown}
 z - a potion of invisibility {unknown}
 A - a potion of haste {unknown}


   Skills:
 + Level 2.4 Fighting
 + Level 2.6 Short Blades
 + Level 2.6 Maces & Flails
 + Level 3.2 Dodging
 + Level 7.5 Stealth
 + Level 7.6 Spellcasting
 + Level 6.2 Conjurations
 + Level 2.1 Hexes
 + Level 7.8 Fire Magic
 + Level 0.4 Evocations


You had 9 spell levels left.
You knew the following spells:

 Your Spells              Type           Power      Damage    Failure   Level
a - Foxfire               Conj/Fire      100%       2x1d9     1%          1
b - Conjure Flame         Conj/Fire      39%        6-21      1%          3
c - Inner Flame           Hex/Fire       30%        N/A       1%          3
d - Flame Wave            Conj/Fire      39%        3d8       1%          4
e - Blink                 Tloc           N/A        N/A       4%          2
f - Scorch                Fire           84%        2d9       1%          2

Your spell library contained the following spells:

 Spells                   Type           Power      Damage    Failure   Level
 Dazzling Flash           Conj/Hex       52%        N/A       1%          3
 Animate Skeleton         Necr           16%        N/A       3%          1
 Beastly Appendage        Tmut           16%        N/A       3%          1
 Pain                     Necr           32%        1d5       3%          1
 Sting                    Tmut/Pois      32%        1d4       3%          1
 Poisonous Vapours        Pois/Air       16%        N/A       4%          2
 Sublimation of Blood     Necr           4%         N/A       4%          2
 Wereblood                Tmut           8%         N/A       4%          2
 Lesser Beckoning         Tloc           8%         N/A       10%         3
 Spider Form              Tmut/Pois      4%         N/A       10%         3
 Vampiric Draining        Necr           4%         2d6       10%         3
 Olgreb's Toxic Radiance  Pois           8%         N/A       30%         4
 Silence                  Hex/Air        6%         N/A       45%         5
 Agony                    Necr           8%         N/A       61%         5
 Manifold Assault         Tloc           8%         N/A       61%         5
 Summon Hydra             Summ           4%         N/A       100%        7


Dungeon Overview and Level Annotations

Branches:
Dungeon (8/15)             Temple (1/1) D:6
   Lair: D:8-11

Altars:
Cheibriados
Dithmenos
Sif Muna
Uskayaw

Annotations:
D:8 Joseph


Innate Abilities, Weirdness & Mutations

You cannot wear most types of armour.
You are amphibious.
You can wear up to eight rings at the same time.
Your skin changes colour to match your surroundings (Stealth+).
Your rubbery body absorbs attacks. (AC +1, EV +1)
((You are camouflaged near water. (Stealth+)))
You have tentacles for arms and can constrict up to eight enemies at once.


Message History

You conjure some foxfire!
The foxfire hits Joseph.
Flame seeps out of Joseph.
Joseph is lightly wounded.
Joseph says, "I'm here to kill trespassers.
I like my job."
Joseph unwields a +3 hunting sling of flaming.
It stops flaming.
Joseph wields a +0 quarterstaff.
Joseph hits you but does no damage.
Casting: Foxfire (safe; 1% risk of failure)
Confirm with . or Enter, or press ? or * to list all spells.
Casting: Flame Wave (dangerous; 1% risk of failure)
Press: ? - help, Dir - look around, f - activate A wave of flame ripples out!
The flame wave engulfs Joseph!
Flame seeps out of Joseph.
Joseph is moderately wounded.
The flame wave engulfs your foxfire.
Your foxfire completely resists.
The flame wave engulfs your foxfire.
Your foxfire completely resists.
The flame wave engulfs your foxfire.
Your foxfire completely resists.
The flame wave engulfs your foxfire.
Your foxfire completely resists. (Press . to intensify the flame waves.)
You hear a shout!
The foxfire hits Joseph.
Flame seeps out of Joseph.
Joseph is moderately wounded.
The foxfire hits Joseph!
Flame seeps out of Joseph.
Joseph is heavily wounded.
The foxfire hits Joseph.
Flame seeps out of Joseph.
Joseph is heavily wounded.
The foxfire hits Joseph.
Flame seeps out of Joseph.
Joseph is heavily wounded.
Joseph is engulfed in blazing flames.
Flame seeps out of Joseph.
Joseph hits you with a +0 quarterstaff!!
Unknown command.
Unknown command.
Joseph is engulfed in blazing flames.
Flame seeps out of Joseph.
Joseph unwields a +0 quarterstaff.
Joseph wields a +3 hunting sling of flaming.
It bursts into flame!
Joseph shoots a sling bullet.
The sling bullet hits you!!
You die...

#... .... ##### .....
#...## ..... #....#
......#....#
......#....#
......@.§..# #.§..#
#@...# #....# #....#
#....# #...##
....#########...##
............#....#
............#...######
............#...##...#


You could see Joseph (inner flame).

Vanquished Creatures
  A kobold demonologist (D:7)
  Sigmund (D:6)
  A shadow (D:7)
  A steam dragon (D:6)
  4 water moccasins
  Duvessa (D:7)
  An orc warrior (D:7)
  A sky beast (D:5)
  A black bear (D:7)
  2 ice beasts
  A hornet zombie (D:6)
  6 ogres
  5 necrophages
  3 bullfrogs
  4 scorpions
  Dowan (D:7)
  A water moccasin skeleton (D:4)
  A killer bee (D:8)
  2 bullfrog zombies
  A jelly (D:5)
  2 centaur zombies (D:5)
  3 orc priests
  A bullfrog skeleton (D:4)
  2 centaur skeletons
  2 hounds
  A gnoll shaman (D:6)
  Natasha (twice) (D:3)
  4 iguanas
  6 orc wizards
  2 killer bee zombies
  5 gnolls
  7 river rats (D:6)
  4 adders
  3 shadow imps
  3 white imps
  An ufetubus (D:5)
  A worm (D:2)
  2 dart slugs
  31 orcs
  9 bats
  6 endoplasms
  A giant cockroach (D:1)
  7 goblins
  8 hobgoblins
  5 jackals
  9 quokkas
  4 ball pythons
  2 frilled lizards
  4 kobolds
  20 rats
196 creatures vanquished.

Vanquished Creatures (others)
  596 foxfires
  5 toadstools (D:4)
601 creatures vanquished.

Grand Total: 797 creatures vanquished

Notes
Turn   | Place    | Note
-------+----------+-------------------------------------------
     0 | D:1      | Conn the Octopode Fire Elementalist began the quest for the
                  | Orb.
     0 | D:1      | Reached XP level 1. HP: 11/11 MP: 3/3
   292 | D:1      | Reached XP level 2. HP: 17/17 MP: 3/5
   835 | D:1      | Reached XP level 3. HP: 21/21 MP: 2/6
  1128 | D:1      | Found a faded altar of an unknown god.
  2119 | D:2      | Noticed an ogre
  2133 | D:2      | Killed an ogre
  2134 | D:2      | Reached skill level 1 in Short Blades
  2134 | D:2      | Reached XP level 4. HP: 27/27 MP: 1/8
  2134 | D:2      | Reached XP level 5. HP: 32/32 MP: 1/9
  2833 | D:3      | Noticed Natasha
  2837 | D:3      | Killed Natasha
  3128 | D:3      | Noticed Natasha
  3134 | D:3      | Killed Natasha
  3734 | D:2      | Learned a level 3 spell: Conjure Flame
  3738 | D:2      | Learned a level 3 spell: Inner Flame
  3741 | D:2      | Learned a level 2 spell: Scorch
  3782 | D:3      | Reached XP level 6. HP: 37/37 MP: 10/10
  4294 | D:4      | Reached skill level 5 in Stealth
  4798 | D:4      | Reached XP level 7. HP: 37/42 MP: 12/12
  4910 | D:4      | Learned a level 4 spell: Flame Wave
  5001 | D:5      | Entered Level 5 of the Dungeon
  5003 | D:5      | Identified the +8 whip "Yckefehuuw" {vorpal, *Noise Fly rF+
                  | Dex+3}
  5058 | D:5      | Reached skill level 1 in Fighting
  5640 | D:5      | Reached XP level 8. HP: 46/48 MP: 14/14
  5681 | D:5      | Reached skill level 1 in Maces & Flails
  6183 | D:6      | Reached skill level 5 in Fire Magic
  6296 | D:5      | HP: 2/48 [iguana (12)]
  6779 | D:6      | Reached skill level 5 in Spellcasting
  6785 | D:6      | Noticed Sigmund
  6796 | D:6      | Killed Sigmund
  6937 | D:6      | Reached XP level 9. HP: 51/54 MP: 3/17
  7091 | D:6      | Reached skill level 1 in Hexes
  7444 | D:6      | Reached skill level 5 in Conjurations
  8351 | D:6      | Found a staircase to the Ecumenical Temple.
  8672 | Temple   | Entered the Ecumenical Temple
  8695 | Temple   | Became a worshipper of Sif Muna the Loreminder
  8796 | D:7      | Found a hide-covered altar of Uskayaw.
  9185 | D:7      | Noticed Dowan
  9186 | D:7      | Noticed Duvessa
  9197 | D:7      | Killed Duvessa
  9240 | D:7      | Killed Dowan
  9241 | D:7      | Reached XP level 10. HP: 19/61 MP: 0/20
  9729 | D:7      | Noticed a kobold demonologist
  9734 | D:7      | Killed a kobold demonologist
  9929 | D:7      | Reached * piety under Sif Muna
 10314 | D:7      | Learned a level 2 spell: Blink
 10714 | D:8      | Noticed Joseph
 10724 | D:8      | Shot with a sling bullet by Joseph

Illustrated notes

Levels and vault maps discovered:
D:1:      dpeg_arrival_stonehenge_8_columns, layout_basic,
          chequers_ecumenical_altar_twisty
D:2:      layout_basic, kennysheep_pointless_box, minmay_misc_feat_ornament
D:3:      layout_loops_ring, kennysheep_generic_room_3, uniq_natasha
D:4:      layout_basic, minmay_gold_behind_fungi, minmay_quantized
D:5:      layout_basic
D:6:      lemuel_ratsnest, layout_cave_pools, minmay_temple_entry_junction_2,
          serial_bayou_pond_e, minmay_bent, uniq_sigmund
D:7:      layout_rooms, lemuel_crystal_altar, minmay_circle_x, uniq_duvessa
D:8:      layout_gridville, uniq_joseph
Temple:   roderic_octagonal_lattice_temple

Skill      XL: |  1  2  3  4  5  6  7  8  9 10 |
---------------+-------------------------------+-----
Stealth        | 3 4 5 6 7 |  7.5
Short Blades   | 1 2 |  2.6
Conjurations   | 2 3 4 5 6 |  6.2
Fire Magic     | 4 5 7 |  7.8
Spellcasting   | 3 4 5 7 |  7.6
Fighting       | 1 2 |  2.4
Maces & Flails | 2 |  2.6
Hexes          | 1 2 |  2.1
Dodging        | 3 |  3.2
Evocations     | |  0.4

Action                   |  1- 3 |  4- 6 |  7- 9 | 10-12 || total
-------------------------+-------+-------+-------+-------++-------
Melee: Short sword       |    47 |     5 |       |       ||    52
       Constrict         |    10 |     8 |     7 |       ||    25
       Tentacles         |     6 |     5 |     3 |       ||    14
       Dagger            |       |    30 |       |       ||    30
       Whip              |       |       |    49 |       ||    49
 Cast: Foxfire           |    49 |    34 |   208 |    62 ||   353
       Conjure Flame     |       |       |     5 |     2 ||     7
       Inner Flame       |       |       |    25 |     8 ||    33
       Flame Wave        |       |       |     3 |     3 ||     6
       Scorch            |       |       |     1 |     1 ||     2
Evoke: Wand              |       |       |     2 |       ||     2
  Use: Scroll            |       |       |     2 |       ||     2
       Potion            |       |       |     2 |       ||     2
 Stab: Sleeping          |     7 |    14 |     1 |       ||    22
       Distracted        |       |       |     1 |       ||     1
Armor: Skin              |     5 |     1 |    10 |     1 ||    17
Dodge: Dodged            |    33 |    15 |    81 |     9 ||   138

Table legend: (Time is in decaauts)
 A = Elapsed time spent in this place.
 B = Non-inter-level travel time spent in this place.
 C = Inter-level travel time spent in this place.
 D = Time resting spent in this place.
 E = Time spent auto-exploring this place.
 F = Levels seen in this place.
 G = Mean time per level.
                   A        B        C        D        E       F      G
               +--------+--------+--------+--------+--------+-----+--------+
         Total |  10733 |  10403 |    330 |   1179 |   7229 |   9 | 1192.6 |
       Dungeon |  10690 |  10381 |    309 |   1179 |   7216 |   8 | 1336.2 |
        Temple |     43 |     23 |     20 |      0 |     13 |   1 |   43.0 |
               +--------+--------+--------+--------+--------+-----+--------+

Top non-repeatable levels by time:
     D:5: 1807 daAuts
     D:7: 1785 daAuts
     D:6: 1737 daAuts
     D:2: 1556 daAuts
     D:1: 1486 daAuts
     D:3: 1155 daAuts
     D:4: 1055 daAuts
     D:8: 106 daAuts
  Temple: 43 daAuts
